 Dungeon Crawl Stone Soup version 0.31-a0-321-g19405a7a6a (webtiles) character file.

Game seed: 11369552091916217337

109 LeprechaunX the Changeling (level 4, -7/30 HPs)
             Began as an Octopode Shapeshifter on July 17, 2023.
             Mangled by a river rat (9 damage)
             ... in a sewer.
             The game lasted 00:02:37 (1818 turns).

LeprechaunX the Changeling (Octopode Shapeshifter)  Turns: 1818, Time: 00:02:37

Health: -7/30      AC:  1    Str: 16    XL:     4   Next: 90%
Magic:  4/4        EV: 12    Int: 16    God:
Gold:   95         SH:  6    Dex: 12    Spells: 3/3 levels left

rFire   . .          .
                       - Unarmed
rCold   . . .        f - +2 buckler
rNeg    . . .        (helmet currently unavailable)
rPois   .            (no amulet)
rElec   .            c - +6 ring of intelligence
rCorr   .            (no ring)
SInv    .            (no ring)
Will    .....        (no ring)
Stlth   ++           (no ring)
HPRegen 0.25/turn    (no ring)
MPRegen 0.09/turn    (no ring)
                     (no ring)

%: no passive effects
@: lethally poisoned (-7 -> -11), beast-form, slowed, very slow
A: beast (slay +2), almost no armour, amphibious, 8 rings, camouflage 1,
gelatinous body 1, (nimble swimmer 1), tentacles
a: Begin Untransformation


You were in a sewer.
You were a hulking beast.
You visited 1 branch of the dungeon, and saw 3 of its levels.
You also visited: Sewer.

You collected 95 gold pieces.

Inventory:

Missiles
 g - 4 poisoned darts
Armour
 f - a +2 buckler (worn)
Jewellery
 c - a +6 ring of intelligence (left tentacle)
 j - a ring of protection from fire
Talismans
 b - a beast talisman
Scrolls
 d - 4 scrolls of identify {unknown}
 h - a scroll of blinking {unknown}
 k - a scroll of fear {unknown}
 l - a scroll of noise {unknown}
 m - a scroll of brand weapon {unknown}
 n - a scroll of enchant weapon {unknown}
 o - a scroll of teleportation {unknown}
 p - a scroll of acquirement {unknown}
 s - a scroll of enchant armour {unknown}
Potions
 a - 2 potions of lignification
 e - a potion of curing {unknown}
 i - 2 potions of haste {unknown}
 q - a potion of brilliance {unknown}
 r - a potion of enlightenment {unknown}


   Skills:
 + Level 2.6 Fighting
 - Level 2.1 Dodging
 + Level 1.2 Shields
 * Level 3.1 Unarmed Combat
 * Level 3.7 Shapeshifting


You had 3 spell levels left.
You didn't know any spells.
Your spell library contained the following spells:

 Spells                   Type           Power      Damage    Failure   Level
 Gell's Gravitas          Tloc           0%         N/A       69%         3
 Teleport Other           Tloc           0%         N/A       69%         3
 Dispersal                Tloc           0%         N/A       100%        6


Dungeon Overview and Level Annotations

Branches:
Dungeon (3/15)              Sewer (1/1)

Altars:


Innate Abilities, Weirdness & Mutations

You are a hulking beast.
Your limbs bulge with bestial killing power. (Slay +2)
You cannot wear most types of armour.
You are amphibious.
You can wear up to eight rings at the same time.
Your skin changes colour to match your surroundings (Stealth+).
Your rubbery body absorbs attacks. (AC +1, EV +1)
((You are camouflaged when in or above water. (Stealth+)))
You have tentacles for arms and can constrict up to eight enemies at once.


Message History

You tentacle-slap the rat.
You kill the rat!
A kobold and a kobold brigand come into view.
The kobold brigand is wielding a +0 dagger and quivering curare-tipped darts.
A river rat comes into view.
The kobold shouts!
The ball python hisses angrily.
There are monsters nearby!
You tentacle-slap the ball python. Your grab misses the ball python.
The ball python is heavily wounded.
You block the ball python's attack. The ball python grabs you.
The ball python constricts you.
There are monsters nearby!
You closely miss the ball python.
The kobold brigand shouts!
You grab the ball python.
The ball python is heavily wounded.
You constrict the ball python.
You kill the ball python!
The river rat barely misses you.
You tentacle-slap the river rat. Your grab misses the river rat.
The river rat is lightly wounded.
You block the river rat's attack.
You tentacle-slap the river rat. Your grab misses the river rat.
Your squeeze misses the river rat.
The river rat is moderately wounded.
You block the river rat's attack.
The kobold brigand throws a curare-tipped dart.
The curare-tipped dart hits you.
You are poisoned.
You have difficulty breathing.
You feel yourself slow down.
You enter the shallow water.
A river rat comes into view.
You feel very sick. The river rat bites you!
You feel very sick. The river rat attacks as you move away!
The river rat bites you!
* * * LOW HITPOINT WARNING * * *
x2 You feel very sick.
The river rat bites you!
You die...

~~.≈≈≈#~# ≈≈≈ #≈≈≈≈≈≈
~~~~~#r#.≈≈≈ #≈≈≈≈≈≈
##.~~.#~#..≈ ≈.~~~
.~~.~.P.P### ###P~.
P######P.....P~~~ ~~P.∩
.~~~~~~P..~~.P##########P..
######...~~.P.≈≈≈≈≈≈≈≈.~.~
#~~KK.~~≈≈≈≈≈≈≈≈≈≈≈≈≈
##~rh.~.≈≈≈≈≈≈≈≈≈≈≈≈≈
##.#..≈≈≈≈#≈##≈≈≈≈≈≈
#############≈##≈## #######


You could see a kobold brigand, 2 river rats and a kobold.

Vanquished Creatures
  2 adders
  2 river rats (Sewer)
  4 worms
  2 dart slugs (D:2)
  5 bats
  3 giant cockroaches (D:3)
  2 hobgoblins (D:2)
  11 jackals
  5 kobolds
  2 quokkas
  3 ball pythons (Sewer)
  6 frilled lizards
  4 goblins
  4 rats
55 creatures vanquished.

Notes
Turn   | Place    | Note
-------+----------+-------------------------------------------
     0 | D:1      | LeprechaunX the Octopode Shapeshifter began the quest for
                  | the Orb.
     0 | D:1      | Reached XP level 1. HP: 14/14 MP: 1/1
    60 | D:1      | Reached XP level 2. HP: 12/19 MP: 2/2
   811 | D:2      | Reached XP level 3. HP: 24/24 MP: 3/3
  1268 | D:2      | Found a faded altar of an unknown god.
  1392 | D:2      | Reached XP level 4. HP: 30/30 MP: 4/4
  1613 | D:3      | Found a glowing drain.
  1623 | D:3      | Reached skill level 1 in Shields
  1628 | Sewer    | Entered a sewer
  1808 | Sewer    | Noticed a kobold brigand
  1818 | Sewer    | Mangled by a river rat

Illustrated notes

Levels and vault maps discovered:
D:1:      beargit_arrival_diablo_church, layout_basic, dreamdust_princess_bridge
D:2:      layout_loops_corners, basic_ecumenical_altar
D:3:      layout_basic, serial_shops, nicolae_shop_peninsula,
          gup_sewer_entry_pipe, uniq_natasha
Sewer:    sewer_co_scattered_pipes

Skill      XL: |  1  2  3  4 |
---------------+-------------+-----
Shields        | 1 |  1.2
Unarmed Combat | 3 |  3.1
Fighting       | |  2.6
Dodging        | |  2.1
Shapeshifting  | |  3.7

Action                     |  1- 3 |  4- 6 || total
---------------------------+-------+-------++-------
  Melee: Unarmed           |    74 |    40 ||   114
         Constrict         |    23 |     8 ||    31
         Tentacles         |    16 |     7 ||    23
         Punch             |       |     1 ||     1
   Stab: Sleeping          |     5 |     7 ||    12
 Armour: Skin              |    11 |     2 ||    13
  Dodge: Dodged            |    32 |    12 ||    44
  Block: Buckler           |     8 |     5 ||    13

Table legend: (Time is in decaauts)
 A = Elapsed time spent in this place.
 B = Non-inter-level travel time spent in this place.
 C = Inter-level travel time spent in this place.
 D = Time resting spent in this place.
 E = Time spent auto-exploring this place.
 F = Levels seen in this place.
 G = Mean time per level.
                   A        B        C        D        E       F      G
               +--------+--------+--------+--------+--------+-----+--------+
         Total |   1818 |   1748 |     70 |     55 |   1364 |   4 |  454.5 |
       Dungeon |   1627 |   1557 |     70 |     55 |   1250 |   3 |  542.3 |
         Sewer |    190 |    190 |      0 |      0 |    114 |   1 |  190.0 |
               +--------+--------+--------+--------+--------+-----+--------+

Top non-repeatable levels by time:
     D:2: 849 daAuts
     D:1: 720 daAuts
   Sewer: 190 daAuts
     D:3: 57 daAuts
